 Dungeon Crawl Stone Soup version 0.16.2-12-gd0ad4c3 (webtiles) character file.

487 faibistes the Magician (level 6, -2/32 HPs)
             Began as a Deep Elf Wizard on June 29, 2019.
             Slain by a gnoll (6 damage)
             ... on level 4 of the Dungeon.
             The game lasted 00:09:11 (4313 turns).

faibistes the Magician (Deep Elf Wizard)            Turns: 4313, Time: 00:09:12

Health: -2/32      AC:  4    Str:  4    XL:     6   Next: 89%
Magic:  14/23      EV: 14    Int: 25    God:
Gold:   125        SH:  0    Dex: 13    Spells: 6 memorised, 6 levels left

rFire  . . .     SeeInvis .     i - +0 short sword
rCold  . . .     Clarity  .     a - +0 robe
rNeg   . . .     SustAb   .     (no shield)
rPois  .         Gourm    .     b - +0 hat
rElec  .         Spirit   .     e - +0 cloak
rCorr  .         Warding  .     (no gloves)
rMut   .         Stasis   .     f - +0 pair of boots
MR     .....                    (no amulet)
Stlth  ++........               (no ring)
                                (no ring)

@: repel missiles, not resistant to hostile enchantments, unstealthy
A: no striking features
a: no special abilities


You were on level 4 of the Dungeon.
You were not hungry.

You visited 1 branch of the dungeon, and saw 5 of its levels.

You collected 125 gold pieces.

Inventory:

Hand weapons
 i - a +0 short sword (weapon)
Armour
 a - a +0 robe (worn)
 b - a +0 hat (worn)
 e - a +0 cloak (worn)
 f - a +0 pair of boots (worn)
Magical devices
 j - a wand of slowing (21)
Scrolls
 k - a scroll of recharging {unknown}
 l - a scroll of remove curse {unknown}
 o - a scroll of amnesia {unknown}
 p - a scroll of immolation {unknown}
Potions
 m - a potion of resistance
 n - a potion of agility
 s - a potion of heal wounds
 t - a potion of might
Books
 c - a book of Minor Magic

   Spells                             Type                      Level
   a - Magic Dart                     Conjuration                  1
   b - Blink                          Translocation                2
   c - Call Imp                       Summoning                    2
   d - Repel Missiles                 Charms/Air                   2
   e - Slow                           Hexes                        2
   f - Conjure Flame                  Conjuration/Fire             3
   g - Mephitic Cloud                 Conjuration/Poison/Air       3
 r - a book of Changes

   Spells                             Type                      Level
   a - Beastly Appendage              Transmutation                1
   b - Sticks to Snakes               Transmutation                2
   c - Spider Form                    Transmutation/Poison         3
   d - Ice Form                       Ice/Transmutation            4
   e - Blade Hands                    Transmutation                5
Comestibles
 d - 3 bread rations
 g - 2 meat rations
 h - 2 royal jellies
 q - 4 chunks of flesh
 u - a beef jerky


   Skills:
 + Level 4.7 Dodging
 - Level 2.4 Stealth
 * Level 7.1 Spellcasting
 - Level 4.1 Conjurations
 - Level 1.1 Summonings
 * Level 2.9 Translocations


You had 6 spell levels left.
You knew the following spells:

 Your Spells              Type           Power        Failure   Level  Hunger
a - Magic Dart            Conj           ####         1%          1    None
b - Conjure Flame         Conj/Fire      ###.....     12%         3    None
c - Call Imp              Summ           ##......     10%         2    None
d - Blink                 Tloc           N/A          3%          2    None
e - Mephitic Cloud        Conj/Pois/Air  ###.....     12%         3    None
f - Repel Missiles        Chrm/Air       #.....       12%         2    None


Dungeon Overview and Level Annotations

Branches:
Dungeon (5/15)
 Temple: D:4-7

Altars:
Gozag
Xom


Message History

Aiming: Magic Dart
Press: ? - help, Shift-Dir - straight line, f/p - gnoll
Aim: a gnoll, wielding a whip (almost dead)
The magic dart hits the gnoll.
You kill the gnoll!
The orc barely misses you. The orc priest barely misses you.
Casting: Magic Dart
Confirm with . or Enter, or press ? or * to list all spells.
Aiming: Magic Dart
Press: ? - help, Shift-Dir - straight line, f - orc priest
Aim: an orc priest, wielding a mace (heavily wounded)
The magic dart hits the orc priest.
The orc priest is heavily wounded.
The orc hits you but does no damage. The orc priest hits you with a mace.
* * * LOW HITPOINT WARNING * * *
Unknown command.
The orc hits you with a whip.
* * * LOW HITPOINT WARNING * * *
The gnoll hits you.
You die...

#####.# . .. ...
### . .#. . ...
.. # ..... #
.###.#. ##.##
....... .....
.......o####.#.##
.....
.......o@g.......
##.##
......gg.........
....
........##..#.#
### #.#.).... .#
# ......... .. #
.###...## . #
..... # ##...# ..
..#


You could see an orc priest, 2 gnolls, an orc and a goblin.

Vanquished Creatures
  A centaur (D:3)
  A centaur skeleton (D:4)
  2 orc wizards
  An orc priest (D:3)
  2 worker ants
  5 gnolls
  9 adders
  5 worms
  A giant gecko (D:1)
  6 orcs
  2 ball pythons
  8 bats
  3 giant cockroaches
  7 goblins
  8 hobgoblins
  2 jackals (D:1)
  10 kobolds
  A quokka (D:3)
  A ball python skeleton (D:4)
  4 giant newts
  8 rats
87 creatures vanquished.

Vanquished Creatures (collateral kills)
  An adder (D:2)
  A worm (D:2)
  A jackal (D:1)
  A ball python (D:2)
4 creatures vanquished.

Vanquished Creatures (others)
  A white imp (D:2)
1 creature vanquished.

Grand Total: 92 creatures vanquished

Notes
Turn   | Place    | Note
--------------------------------------------------------------
     0 | D:1      | faibistes, the Deep Elf Wizard, began the quest for the Orb.
     0 | D:1      | Reached XP level 1. HP: 10/10 MP: 6/6
   194 | D:1      | Reached XP level 2. HP: 15/15 MP: 1/9
   227 | D:1      | Learned a level 2 spell: Blink
   230 | D:1      | Learned a level 2 spell: Call Imp
   547 | D:1      | Reached XP level 3. HP: 19/19 MP: 0/13
   552 | D:1      | Learned a level 3 spell: Conjure Flame
   556 | D:1      | Learned a level 3 spell: Mephitic Cloud
  1072 | D:1      | Reached skill level 5 in Spellcasting
  1392 | D:2      | Found a shimmering altar of Xom.
  1579 | D:2      | Reached XP level 4. HP: 24/24 MP: 7/17
  1583 | D:2      | Learned a level 2 spell: Repel Missiles
  1949 | D:3      | Reached XP level 5. HP: 25/28 MP: 11/20
  2077 | D:3      | Reached skill level 6 in Spellcasting
  3291 | D:3      | Reached XP level 6. HP: 32/32 MP: 1/22
  3590 | D:3      | Noticed a centaur
  3601 | D:3      | Killed a centaur
  4104 | D:4      | Found an opulent altar of Gozag.
  4129 | D:4      | Reached skill level 7 in Spellcasting
  4244 | D:5      | Entered Level 5 of the Dungeon
  4313 | D:4      | Slain by a gnoll

Action                   |  1- 3 |  4- 6 || total
-------------------------+-------+-------++-------
Melee: Short sword       |     7 |     7 ||    14
 Cast: Magic Dart        |    76 |   175 ||   251
       Call Imp          |     4 |     2 ||     6
       Mephitic Cloud    |     2 |     8 ||    10
       Conjure Flame     |     2 |     1 ||     3
       Repel Missiles    |       |     1 ||     1
       Blink             |       |     2 ||     2
Evoke: Wand              |       |     1 ||     1
  Use: Scroll            |       |     4 ||     4
 Stab: Confused          |     1 |     1 ||     2
       Sleeping          |       |     1 ||     1
  Eat: Chunk             |     2 |     8 ||    10
